 Dungeon Crawl Stone Soup version 0.20-a0-522-g0b37eee (webtiles) character file.

27836 M4edhros the Blocker (level 13, -10/84 HPs)
             Began as an Octopode Artificer on Jan 25, 2017.
             Was a Priest of Fedhas.
             Mangled by a five-headed hydra (13 damage)
             ... on level 1 of the Lair of Beasts.
             The game lasted 00:47:37 (19320 turns).

M4edhros the Blocker (Octopode Artificer)          Turns: 19320, Time: 00:47:42

Health: -10/84     AC:  1    Str: 13    XL:     13   Next: 35%
Magic:  0/21       EV: 13    Int: 13    God:    Fedhas [***...]
Gold:   646        SH: 15    Dex: 18    Spells: 12/12 levels left

rFire    . . .     SeeInvis +   q - +0 trident (protect)
rCold    + + .     Gourm    .   h - +2 shield {rPois}
rNeg     . . .     Faith    .   (helmet restricted)
rPois    +         Spirit   +   P - amulet of guardian spirit
rElec    .         Reflect  .   I - ring of protection from cold
rCorr    .         Harm     .   O - ring of flight
MR       ++...     Rnd*Tele +   J - ring of protection from magic
Stlth    ++++++....             (no ring)
Regen    0.2/turn               c - ring of protection from cold
                                e - ring of see invisible
                                g - ring of Raukkeor {rPois MR+}
                                (no ring)

@: no status effects
A: almost no armour, stealthy swim, amphibious, 8 rings, constrict 8, camouflage
1, agile 1, slow regeneration 1, teleportitis 1, gelatinous body 1
a: Fungal Bloom, Evolution, Sunlight, Growth, Renounce Religion, Evoke Flight


You were on level 1 of the Lair of Beasts.
You worshipped Fedhas.
Fedhas was most pleased with you.
You were not hungry.

You visited 3 branches of the dungeon, and saw 15 of its levels.
You also visited: Sewer.

You collected 802 gold pieces.
You spent 156 gold pieces at shops.

Inventory:

Hand Weapons
 q - a +0 trident of protection (weapon)
 r - the +1 falchion of a treasure trove {freeze, rF+ Int+4}
   (You found it on level 10 of the Dungeon)

   It has been specially enchanted to freeze those struck by it, causing extra
   injury to most foes and up to half again as much damage against particularly
   susceptible opponents.
   It can also slow down cold-blooded creatures.
   It affects your intelligence (+4).
   It protects you from fire.
 s - a +0 blowgun
 t - a +2 short sword of venom
 D - a +1 dagger of speed
 N - a +0 hunting sling
 Q - a +2 spear of freezing
Missiles
 l - 354 stones (quivered)
 n - 5 poisoned tomahawks
 v - 54 poisoned needles
 z - 131 sling bullets
Armour
 h - a +2 shield of poison resistance (worn)
 k - a +3 large shield
Jewellery
 c - a ring of protection from cold (on tentacle)
 d - the amulet of Balance {+Rage Str+2}
   (You found it on level 9 of the Dungeon)

   [amulet of rage]

   It affects your strength (+2).
   It lets you go berserk.
 e - a ring of see invisible (on tentacle)
 g - the ring of Raukkeor (on tentacle) {rPois MR+}
   (You found it on level 1 of the Lair of Beasts)

   [ring of protection from magic]

   It protects you from poison.
   It affects your resistance to hostile enchantments.
 I - a ring of protection from cold (left tentacle)
 J - a ring of protection from magic (on tentacle)
 O - a ring of flight (right tentacle)
 P - an amulet of guardian spirit (around mantle)
 S - an uncursed ring of fire
Wands
 a - a wand of iceblast (4/15)
 F - a wand of polymorph (6/24)
 H - a wand of confusion (0/48)
 K - a wand of paralysis (0/24)
 L - a wand of digging (14/24)
 R - a wand of scattershot (0/9)
 T - a wand of iceblast (0/15)
Scrolls
 f - 2 scrolls of magic mapping
 o - 9 scrolls of remove curse
 y - a scroll of identify
 C - a scroll of fog
Potions
 i - 7 potions of might
 j - 2 potions of berserk rage
 p - 2 potions of resistance
 u - a potion of curing
 w - 4 potions of brilliance
 x - 2 potions of agility
 A - a potion of invisibility
 E - 2 potions of flight
 G - 2 potions of lignification
Books
 b - the Handbook of the Compass
   (You found it on level 12 of the Dungeon)

   Spells                             Type                      Level
   a - Blink                          Translocation                2
   b - Recall                         Summoning/Translocation      3
   c - Portal Projectile              Translocation                3
   d - Passage of Golubria            Translocation                4
   e - Malign Gateway                 Summoning/Translocation      7
Comestibles
 m - 2 bread rations
 B - 8 meat rations
 M - a fruit


   Skills:
 * Level 6.3 Fighting
 - Level 1.0 Short Blades
 + Level 6.4 Slings
 - Level 2.0 Dodging
 - Level 11.5 Stealth
 * Level 13.6 Shields
 * Level 11.4 Invocations
 + Level 8.2 Evocations


You had 12 spell levels left.
You didn't know any spells.

Dungeon Overview and Level Annotations

Branches:
Dungeon (13/15)            Temple (1/1) D:6            Lair (1/6) D:11
    Orc (0/2) D:11
 Vaults: D:13-14

Altars:
Ashenzari
Cheibriados
Dithmenos
Elyvilon
Fedhas
Gozag
Hepliaklqana
Kikubaaqudgha
Makhleb
Nemelex Xobeh
Okawaru
Qazlal
Ru
Sif Muna
Trog
Uskayaw
Vehumet
Xom
Yredelemnul
Zin
The Shining One

Shops:
D:7 }   D:10 (


Innate Abilities, Weirdness & Mutations

You cannot wear most types of armour.
You are very stealthy in the water. (Stealth+)
You are amphibious.
You can wear up to eight rings at the same time.
You can use your tentacles to constrict eight enemies at once.
Your skin changes colour to match your surroundings (Stealth+).
Your rubbery body absorbs attacks. (AC +1, EV +1)
You are agile. (Dex +2)
You regenerate slowly when monsters are visible.
You are occasionally teleported next to monsters.


Message History

Unknown command.
Evoke which item? (* to show all) (? for menu, Esc to quit)
Okay, then.
Evoke which item? (* to show all) (? for menu, Esc to quit)
Aiming: Iceblast
Press: ? - help, Shift-Dir - straight line, p - wolf The mass of ice explodes!
The iceblast engulfs the five-headed hydra.
The five-headed hydra is moderately wounded.
The iceblast engulfs the wolf.
You kill the wolf!
This wand has 4 charges left.
The five-headed hydra bites you!
* * * LOW HITPOINT WARNING * * *
The five-headed hydra bites you!
* * * LOW HITPOINT WARNING * * *
You block the five-headed hydra's attack.
The five-headed hydra bites you!
You die...
Fedhas appreciates your contribution to the ecosystem.

≈≈≈≈.............................
≈≈≈≈≈P...........................
≈≈≈≈≈≈≈......................÷...
≈≈≈≈≈≈≈................÷.........
.≈≈≈≈≈≈................÷.........
....≈≈P.....................#####
...........................##
......................Y...##
................@D.Y......#
##############.....##.#####
#.....#### # #.....## # #.....P#
# ##.....## ### #..÷..## ..#
#..[..# ..## #....###


You could see a five-headed hydra and 2 yaks.

Vanquished Creatures
  Kirke (D:13)
  An ice dragon (D:12)
  A hydra (D:12)
  3 centaur warriors
  3 two-headed ogres
  A deep troll earth mage (D:12)
  The ghost of Bulldog the Grappler, a novice TrMo of Makhleb (D:8)
  A slime creature (D:12)
  An unseen horror (D:12)
  A deep elf mage (D:12)
  4 cyclopes
  A wolf spider (D:13)
  5 ugly things
  A manticore (D:11)
  2 gargoyles
  A spiny frog (Lair:1)
  A tengu conjurer (D:13)
  A hornet (D:8)
  3 wandering mushrooms
  A hippogriff (D:11)
  11 yaks
  A wraith (D:12)
  A hog (D:13)
  2 hungry ghosts (D:11)
  A steam dragon (D:13)
  6 ogres
  4 water moccasins
  Edmund (D:6)
  A hell hound (D:11)
  3 sky beasts
  9 orc warriors
  2 black bears
  A necrophage (D:4)
  3 phantoms
  10 wolves (Lair:1)
  8 centaurs
  A crocodile (D:12)
  8 big kobolds
  21 bullfrogs
  A gnoll sergeant (D:11)
  A wyvern skeleton (D:13)
  3 scorpions
  4 wights
  4 killer bees
  A troll skeleton (D:11)
  2 howler monkeys
  5 crimson imps
  2 quasits
  4 hounds
  6 orc priests
  3 bullfrog skeletons
  2 jellies
  4 centaur skeletons
  5 iguanas
  Terence (D:3)
  10 orc wizards
  7 worker ants
  2 ogre skeletons (D:11)
  5 gnolls (D:11)
  A howler monkey skeleton (D:4)
  13 adders
  5 river rats (Sewer)
  3 shadow imps
  2 oozes
  2 adder skeletons
  An adder zombie (D:9)
  2 worms
  7 leopard geckos
  24 orcs
  5 giant cockroaches
  9 goblins
  10 hobgoblins
  6 jackals
  39 kobolds
  6 quokkas
  4 ball pythons
  9 bats
  7 frilled lizards
  A goblin skeleton (D:11)
  2 hobgoblin skeletons (D:11)
  A hobgoblin zombie (D:11)
  A jackal zombie (D:6)
  2 leopard gecko skeletons (D:4)
  12 orc skeletons (D:11)
  An orc zombie (D:11)
  26 rats
  3 ballistomycetes
  A ballistomycete spore (D:12)
  A butterfly (D:6)
  A hyperactive ballistomycete (D:12)
  A toadstool (D:13)
408 creatures vanquished.

Vanquished Creatures (collateral kills)
  A centaur warrior (D:13)
  A two-headed ogre (D:12)
  A tengu warrior (D:13)
  An unseen horror (D:13)
  A deep elf mage (D:13)
  A komodo dragon (Lair:1)
  3 trolls
  A hippogriff (D:10)
  3 yaks (D:13)
  A hog (D:13)
  A steam dragon (D:11)
  The ghost of Schizzik the Slasher, an amateur DsGl (D:4)
  A hell hound (D:11)
  An ice beast (D:13)
  3 sky beasts
  A crocodile (Lair:1)
  A bullfrog (D:10)
  A wyvern skeleton (D:8)
  A scorpion (D:11)
  2 killer bees (D:10)
  A troll skeleton (D:11)
  2 wights (D:8)
  A hound (D:8)
  An orc priest (D:8)
  A jelly (D:4)
  2 centaur skeletons
  2 ogre skeletons (D:11)
  An adder (D:9)
  2 shadow imps
  7 orcs
  A jackal (D:4)
  6 kobolds
  2 orc skeletons (D:11)
  4 ballistomycete spores
60 creatures vanquished.

Vanquished Creatures (others)
  A human (D:13)
  A worker ant (D:12)
  An orc (D:6)
  A jackal (D:5)
  16 wandering mushrooms
  A ballistomycete (D:12)
  2 ballistomycete spores (D:12)
  2 fungi (Lair:1)
  232 toadstools
257 creatures vanquished.

Grand Total: 725 creatures vanquished

Notes
Turn   | Place    | Note
-------+----------+-------------------------------------------
     0 | D:1      | M4edhros the Octopode Artificer began the quest for the Orb.
     0 | D:1      | Reached XP level 1. HP: 13/13 MP: 3/3
   184 | D:1      | Reached XP level 2. HP: 18/18 MP: 4/4
   857 | D:3      | Noticed Terence
   864 | D:3      | Killed Terence
   864 | D:3      | Reached skill level 1 in Shields
   864 | D:3      | Reached XP level 3. HP: 4/23 MP: 5/5
  1096 | D:3      | Reached skill level 2 in Shields
  1302 | D:3      | Reached XP level 4. HP: 27/28 MP: 6/6
  1349 | D:4      | Noticed a necrophage
  1360 | D:4      | Killed a necrophage
  1360 | D:4      | Reached skill level 3 in Shields
  1360 | D:4      | Reached XP level 5. HP: 33/33 MP: 7/7
  1395 | D:4      | HP: 1/33 [poisoned by a worker ant]
  1512 | D:4      | Noticed Schizzik's ghost (amateur DsGl)
  1567 | D:4      | Noticed an ogre
  1577 | D:4      | Killed Schizzik's ghost
  1577 | D:4      | Reached skill level 5 in Stealth
  1577 | D:4      | Reached skill level 4 in Shields
  1577 | D:4      | Reached XP level 6. HP: 19/38 MP: 8/8
  1596 | D:4      | Killed an ogre
  2042 | D:4      | Reached skill level 5 in Shields
  2417 | D:4      | Reached XP level 7. HP: 32/43 MP: 9/9
  2529 | D:5      | Entered Level 5 of the Dungeon
  2704 | D:5      | Reached skill level 6 in Shields
  3089 | D:5      | Found a glowing drain.
  3098 | Sewer    | Entered a sewer
  3403 | Sewer    | Reached XP level 8. HP: 14/48 MP: 10/10
  3870 | Sewer    | Reached skill level 7 in Shields
  4521 | D:6      | Noticed Edmund
  4527 | D:6      | Killed Edmund
  4534 | D:6      | Reached skill level 8 in Shields
  5344 | D:6      | Found a staircase to the Ecumenical Temple.
  5355 | Temple   | Entered the Ecumenical Temple
  5477 | Temple   | Became a worshipper of Fedhas Madash
  5941 | D:2      | Found an iron altar of Okawaru.
  5980 | D:2      | Reached * piety under Fedhas
  6421 | D:3      | Found a white marble altar of Elyvilon.
  6424 | D:3      | Found a radiant altar of Vehumet.
  6430 | D:3      | Found a hide-covered altar of Uskayaw.
  7213 | D:7      | Reached skill level 1 in Invocations
  7213 | D:7      | Reached XP level 9. HP: 34/53 MP: 11/11
  7263 | D:7      | Found a sacrificial altar of Ru.
  7264 | D:7      | Found a shimmering altar of Xom.
  7795 | D:7      | Reached skill level 9 in Shields
  7814 | D:7      | Gained mutation: Your magical capacity is low. (-10% MP) [mutagenic meat]
  7815 | D:7      | Gained mutation: You are somewhat resistant to further mutation. [mutagenic meat]
  7823 | D:7      | Found Suplas's Gadget Emporium.
  7831 | D:7      | Bought a wand of paralysis (11/24) for 156 gold pieces
  8048 | D:8      | Reached skill level 10 in Stealth
  8557 | D:8      | Noticed Bulldog's ghost (novice TrMo)
  8577 | D:8      | HP: 2/53 [Bulldog's ghost (30)]
  8582 | D:8      | Killed Bulldog's ghost
  9098 | D:8      | Reached skill level 10 in Shields
  9138 | D:8      | Reached skill level 5 in Invocations
  9273 | D:8      | Reached XP level 10. HP: 50/58 MP: 10/12
  9347 | D:8      | Reached skill level 1 in Slings
  9977 | D:9      | Found a shattered altar of Ashenzari.
 10379 | D:9      | Found a shattered altar of Ashenzari.
 10414 | D:9      | Got a brightly glowing lead amulet
 10764 | D:10     | Entered Level 10 of the Dungeon
 11146 | D:9      | Identified the amulet of Balance {+Rage Str+2} (You found it on level 9 of the Dungeon)
 11227 | D:9      | Lost mutation: You are somewhat resistant to further mutation. [potion of cure mutation]
 11227 | D:9      | Lost mutation: Your magical capacity is low. (-10% MP) [potion of cure mutation]
 11775 | D:10     | Found Dekhat's Antique Weapon Emporium.
 11805 | D:10     | Gained mutation: You are agile. (Dex +2) [mutagenic meat]
 12150 | D:10     | Got a twisted falchion
 12151 | D:10     | Identified the cursed +1 falchion of a treasure trove {freeze, rF+ Int+4} (You found it on level 10 of the Dungeon)
 12504 | D:10     | Reached ** piety under Fedhas
 12656 | D:10     | Reached skill level 11 in Shields
 12874 | D:11     | Noticed a purple ugly thing
 12889 | D:11     | Killed a purple ugly thing
 12894 | D:11     | Gained mutation: Your magical capacity is low. (-10% MP) [mutagenic meat]
 12895 | D:11     | Lost mutation: Your magical capacity is low. (-10% MP) [mutagenic meat]
 12916 | D:11     | Found a staircase to the Orcish Mines.
 12934 | D:11     | Reached skill level 5 in Evocations
 13070 | D:11     | Noticed a manticore
 13088 | D:11     | Killed a manticore
 13088 | D:11     | Reached XP level 11. HP: 34/63 MP: 11/16
 13092 | D:11     | Reached *** piety under Fedhas
 13359 | D:11     | Noticed a cyclops
 13400 | D:11     | Killed a cyclops
 13507 | D:11     | Noticed a white ugly thing
 13518 | D:11     | Killed a white ugly thing
 13655 | D:11     | Found a staircase to the Lair.
 13993 | D:11     | Noticed a two-headed ogre
 14021 | D:11     | Killed a two-headed ogre
 14030 | D:11     | Reached **** piety under Fedhas
 15053 | D:12     | Noticed a purple ugly thing
 15071 | D:12     | Killed a purple ugly thing
 15071 | D:12     | Reached skill level 12 in Shields
 15141 | D:12     | Noticed a deep elf mage
 15142 | D:12     | Noticed a brown ugly thing
 15144 | D:12     | Noticed a two-headed ogre
 15167 | D:12     | Killed a two-headed ogre
 15176 | D:12     | Killed a brown ugly thing
 15177 | D:12     | HP: 2/63 [ice beast[a deep elf mage] (6)]
 15179 | D:12     | Killed a deep elf mage
 15195 | D:12     | Gained mutation: You are partially covered in icy blue scales. (AC +2) [mutagenic meat]
 15196 | D:12     | Gained mutation: You regenerate slowly when monsters are visible. [mutagenic meat]
 15197 | D:12     | Gained mutation: Your system is resistant to poisons. (rPois) [mutagenic meat]
 15198 | D:12     | Gained mutation: You are occasionally teleported next to monsters. [mutagenic meat]
 15431 | D:12     | Noticed an eight-headed hydra
 15431 | D:12     | Noticed an ice dragon
 15431 | D:12     | Noticed a cyclops
 15431 | D:12     | Noticed a two-headed ogre
 15497 | D:12     | Noticed a centaur warrior
 15497 | D:12     | Noticed a deep troll earth mage
 15497 | D:12     | Reached XP level 12. HP: 48/69 MP: 13/19
 15527 | D:12     | Killed an eight-headed hydra
 15556 | D:12     | Killed a two-headed ogre
 15568 | D:12     | Killed a centaur warrior
 15584 | D:12     | Killed a deep troll earth mage
 15630 | D:12     | Reached skill level 5 in Slings
 15640 | D:12     | Reached skill level 10 in Invocations
 15650 | D:12     | Killed an ice dragon
 15922 | D:12     | Identified the Handbook of the Compass
 16501 | D:12     | Noticed a two-headed ogre
 16516 | D:12     | Killed a two-headed ogre
 16754 | D:13     | Noticed a centaur warrior
 16758 | D:13     | Killed a centaur warrior
 16771 | D:13     | Reached skill level 13 in Shields
 16812 | D:13     | Lost mutation: Your system is resistant to poisons. (rPois) [mutagenic meat]
 16814 | D:13     | Lost mutation: You are partially covered in icy blue scales. (AC +2) [mutagenic meat]
 17144 | D:13     | Noticed a tengu warrior
 17160 | D:13     | Killed a tengu warrior
 17160 | D:13     | Reached skill level 5 in Fighting
 17288 | D:13     | Noticed Kirke
 17303 | D:13     | Killed Kirke
 17303 | D:13     | Reached XP level 13. HP: 34/82 MP: 11/21
 18722 | Lair:1   | Entered Level 1 of the Lair of Beasts
 18737 | Lair:1   | Got a smoking war axe
 18760 | Lair:1   | Identified the +3 war axe of Spite {chop, rN+++ Str-3 Dex+3} (You found it on level 1 of the Lair of Beasts)
 19059 | Lair:1   | Got a sparkling granite ring
 19115 | Lair:1   | Identified the ring of Raukkeor {rPois MR+} (You found it on level 1 of the Lair of Beasts)
 19320 | Lair:1   | HP: 3/84 [five-headed hydra (8)]
 19320 | Lair:1   | Mangled by a five-headed hydra

Vault maps used:
D:1:      minmay_arrival_glassed_features, amethyst_killhole
D:2:      kennysheep_okawaru_gauntlet
D:3:      grunt_temple_overflow_diamond, uniq_terence
D:4:      first_bread
D:5:      portal_sewer_entry_d
D:6:      minmay_temple_entry_butterflies, kennysheep_generic_room_2,
          uniq_edmund
D:7:      gammafunk_temple_overflow_statue, serial_shops,
          nicolae_shop_temple_entry_statues_fountains, eino_tiny_chamber
D:8:      grunt_ogre_cave, minmay_crystal_room
D:9:      ashenzari_conservatory_becter, ashenzari_altar_1
D:10:     serial_shops, shop
D:11:     minmay_lair_entry_lava, zombieorc1_lemuel
D:12:     kennysheep_green_arena
D:13:     uniq_kirke
Temple:   jpeg_temple_clearing
Lair:1:   eino_small_chamber_without_monster, fungi_pond_lemuel
Sewer:    sewer_minmay_treatment

Skill      XL: |  1  2  3  4  5  6  7  8  9 10 11 12 13 |
---------------+----------------------------------------+-----
Stealth        | 2 4 5 6 7 9 10 11 | 11.5
Shields        | 1 2 3 4 5 6 8 10 11 12 13 | 13.6
Invocations    | 1 5 7 9 11 | 11.4
Slings         | 3 4 6 |  6.4
Evocations     | 5 6 7 8 |  8.2
Fighting       | 5 6 |  6.3
Short Blades   | |  1.0
Dodging        | |  2.0

Action                   |  1- 3 |  4- 6 |  7- 9 | 10-12 | 13-15 || total
-------------------------+-------+-------+-------+-------+-------++-------
Melee: Short sword       |    57 |    54 |   167 |    28 |    69 ||   375
       Constrict         |    13 |     8 |    81 |    95 |    15 ||   212
       Tentacles         |     8 |     7 |    65 |   183 |    25 ||   288
       Dagger            |       |       |   175 |       |       ||   175
       Spear             |       |       |       |   149 |       ||   149
       Trident           |       |       |       |   551 |    33 ||   584
       Falchion          |       |       |       |    56 |       ||    56
 Fire: Blowgun           |       |       |       |    23 |       ||    23
Invok: Fungal Bloom      |       |       |    25 |    69 |    16 ||   110
       Evolution         |       |       |     4 |    14 |     4 ||    22
       Sunlight          |       |       |       |     3 |       ||     3
       Reproduction      |       |       |       |     3 |       ||     3
Evoke: Wand              |     6 |     7 |    41 |    81 |    14 ||   149
  Use: Scroll            |       |       |    14 |    26 |     1 ||    41
       Potion            |       |       |     2 |    13 |     5 ||    20
 Stab: Sleeping          |     8 |     6 |    33 |    16 |     3 ||    66
       Distracted        |       |       |     4 |     1 |       ||     5
       Confused          |       |       |     2 |    16 |     3 ||    21
       Paralysed         |       |       |     1 |    11 |       ||    12
  Eat: Chunk             |     1 |     4 |     7 |    16 |       ||    28
       Royal jelly       |       |       |     2 |       |       ||     2
       Bread ration      |       |       |     3 |     7 |     1 ||    11
       Meat ration       |       |       |       |       |     1 ||     1
Armor: Skin              |       |       |    10 |    80 |     4 ||    94
Dodge: Dodged            |    28 |    13 |    80 |   186 |    51 ||   358
Block: Large shield      |    18 |    26 |   254 |   714 |       ||  1012
       Shield            |       |       |       |    23 |    82 ||   105
       Rpst.: Falchion   |       |       |       |     5 |       ||     5
